 Dungeon Crawl Stone Soup version 0.25.0-46-gbd7b0854d2 (webtiles) character file.

Game seed: 9906811484732021226

3 Descartes the Grasshopper (level 1, -1/9 HPs)
             Began as a Felid Warper on July 14, 2020.
             Slain by a kobold
             ... wielding a +0 whip
              (5 damage)
             ... on level 1 of the Dungeon.
             The game lasted 00:00:52 (198 turns).

Descartes the Grasshopper (Felid Warper)             Turns: 198, Time: 00:00:52

Health: -1/9       AC:  1    Str:  7    XL:     1   Next: 41%
Magic:  4/4        EV: 18    Int: 14    God:
Gold:   13         SH:  0    Dex: 15    Spells: 4/4 levels left
                                        Lives:  0   Deaths: 0

rFire    . . .     SeeInvis +     - Unarmed
rCold    . . .     Gourm    .   (shield unavailable)
rNeg     . . .     Faith    .   (armour unavailable)
rPois    .         Spirit   .   (helmet unavailable)
rElec    .         Reflect  .   (cloak unavailable)
rCorr    .         Harm     .   (gloves unavailable)
MR       .....                  (boots unavailable)
Stlth    ++........             (no amulet)
HPRegen  0.03/turn              (no ring)
MPRegen  0.09/turn              (no ring)

@: quick
A: very small, no armour, no weapons or thrown items, stealth, claws 1, fangs 3,
see invisible, carnivore, speed 1, shaggy fur 1, slow metabolism 1, sharp paws
a: no special abilities


You were on level 1 of the Dungeon.
You were full.

You visited 1 branch of the dungeon, and saw 1 of its levels.

You collected 13 gold pieces.

Inventory:

Missiles
 d - 18 stones
Jewellery
 e - an uncursed ring of protection from fire {unknown}
Scrolls
 a - a scroll of random uselessness {unknown}
 b - a scroll of blinking
Comestibles
 c - a ration


   Skills:
 - Level 2.0 Fighting
 + Level 3.4 Dodging
 + Level 1.0 Stealth
 - Level 2.0 Unarmed Combat
 - Level 2.0 Spellcasting
   Level 4.4 Translocations


You had 4 spell levels left.
You didn't know any spells.
Your spell library contained the following spells:

 Spells                   Type           Power        Failure   Level  Hunger
 Blink                    Tloc           N/A          6%          2    ###....
 Gell's Gravitas          Tloc           ##........   12%         3    ####...
 Lesser Beckoning         Tloc           ##........   12%         3    ####...
 Teleport Other           Tloc           ##......     12%         3    ####...
 Shroud of Golubria       Chrm/Tloc      #.....       14%         2    ###....
 Passage of Golubria      Tloc           N/A          36%         4    #####..


Dungeon Overview and Level Annotations

Branches:
Dungeon (1/15)

Altars:


Innate Abilities, Weirdness & Mutations

You cannot wear armour.
You are incapable of wielding weapons or throwing items.
Your paws allow you to move quietly. (Stealth)
You have sharp claws.
You have razor-sharp teeth.
You have supernaturally acute eyesight. (SInv)
You are carnivorous and can eat meat at any time.
You cover ground quickly.
You are covered in fur. (AC +1)
You have a slow metabolism.
Your sharp claws are effective at attacking unaware monsters.


Message History

A kobold comes into view. It is wielding a +0 whip.
A kobold is nearby!
A rat comes into view.
The kobold shouts!
The rat twitches its whiskers.
Found a scroll labeled PISEC JAOT.
You scratch the kobold but do no damage.
The kobold hits you with a +0 whip.
You closely miss the kobold. The kobold barely misses you.
You scratch the kobold but do no damage.
The kobold hits you with a +0 whip.
You closely miss the kobold. The kobold closely misses you.
You scratch the rat but do no damage. The rat bites you.
The kobold completely misses you.
You are too injured to fight recklessly!
You are too injured to fight recklessly!
You scratch the rat but do no damage. The rat completely misses you.
The kobold hits you with a +0 whip.
Ouch! That really hurt!
You die...

.##... ..?... ######
...... .....#
......##.....#
.............#.. .#...#
#......?.....#..# #.....
.......K....?....##.....
......r@................
.................... #..
.?.##.?.............###.
...................#...#
.........##+#......#.<.#
.........##...###.......
###..........#..#..#...#
#.............#..#...#
#.............#..##.##


You could see a kobold and a rat.

Vanquished Creatures
  2 hobgoblins (D:1)
  A bat (D:1)
3 creatures vanquished.

Notes
Turn   | Place    | Note
-------+----------+-------------------------------------------
     0 | D:1      | Descartes the Felid Warper began the quest for the Orb.
     0 | D:1      | Reached XP level 1. HP: 9/9 MP: 4/4
   178 | D:1      | Reached skill level 1 in Stealth
   198 | D:1      | Slain by a kobold

Illustrated notes

Levels and vault maps discovered:
D:1:      erik_arrival_blinker_ship, layout_basic

Skill      XL: |  1 |
---------------+----+-----
Stealth        | 1 |  1.0
Fighting       | |  2.0
Dodging        | |  3.4
Unarmed Combat | |  2.0
Spellcasting   | |  2.0
Translocations | |  4.4

Action                   || total
-------------------------++-------
Melee: Unarmed           ||    13
  Eat: Chunk             ||     3
Dodge: Dodged            ||     8
